 Dungeon Crawl Stone Soup version 0.24.1 (webtiles) character file.

Game seed: 11537384536524522042, levelgen mode: deterministic

6 lepoulpe303 the Grave Robber (level 1, 0/13 HPs)
             Began as a Demonspawn Necromancer on Mar 25, 2020.
             Slain by a jackal (2 damage)
             ... on level 1 of the Dungeon.
             The game lasted 00:02:23 (333 turns).

lepoulpe303 the Grave Robber (DsNe)                  Turns: 333, Time: 00:02:24

Health: 0/13       AC:  2    Str:  8    XL:     1   Next: 75%
Magic:  3/3        EV: 12    Int: 16    God:
Gold:   13         SH:  0    Dex: 13    Spells: 3/4 levels left

rFire    . . .     SeeInvis .   i - +0 whip
rCold    . . .     Gourm    .   (no shield)
rNeg     . . .     Faith    .   a - +0 robe
rPois    .         Spirit   .   (no helmet)
rElec    .         Reflect  .   (no cloak)
rCorr    +         Harm     .   (no gloves)
MR       .....                  (no boots)
Stlth    ++........             (no amulet)
HPRegen  0.04/turn              C - ring of resist corrosion
MPRegen  0.08/turn              (no ring)

@: no status effects
A: no striking features
a: no special abilities


You were on level 1 of the Dungeon.
You were not hungry.

You visited 1 branch of the dungeon, and saw 1 of its levels.

You collected 13 gold pieces.

Inventory:

Hand Weapons
 i - a +0 whip (weapon)
Armour
 a - a +0 robe (worn)
 b - a +0 buckler
Jewellery
 C - a ring of resist corrosion (left hand)
Scrolls
 c - a scroll of blinking {unknown}
 h - a scroll of teleportation {unknown}
 k - a scroll of identify {unknown}
 w - a scroll of remove curse
Potions
 f - a potion of curing {unknown}
 j - a potion of ambrosia {unknown}
Comestibles
 e - a ration
 g - a chunk of flesh


   Skills:
 + Level 1.9 Dodging
 + Level 1.9 Stealth
 * Level 2.1 Spellcasting
 * Level 4.5 Necromancy


You had 3 spell levels left.
You knew the following spells:

 Your Spells              Type           Power        Failure   Level  Hunger
a - Pain                  Necr           ###.         3%          1    #......

Your spell library contained the following spells:

 Spells                   Type           Power        Failure   Level  Hunger
 Animate Skeleton         Necr           N/A          3%          1    #......
 Vampiric Draining        Necr           ###.......   10%         3    ###....
 Regeneration             Chrm/Necr      #.........   24%         3    ###....
 Animate Dead             Necr           N/A          32%         4    #####..


Dungeon Overview and Level Annotations

Branches:
Dungeon (1/15)

Altars:
The Shining One


Message History

* * * LOW HITPOINT WARNING * * *
The jackal barely misses you.
You take 2 damage, and have 6/13 hp.
Aim: a jackal (severely wounded, chance to defeat MR: 87%)
The jackal barely resists.
The jackal bites you.
* * * LOW HITPOINT WARNING * * *
You take 4 damage, and have 2/13 hp.
MASSIVE DAMAGE!!
You now have 2/3 mp.
The jackal bites you.
* * * LOW HITPOINT WARNING * * *
You take 1 damage, and have 1/13 hp.
The jackal barely misses you.
The jackal bites you but does no damage.
The jackal closely misses you. The jackal closely misses you.
MP restored: 3 The jackal bites you but does no damage.
The jackal bites you.
You die...

## ### .## ..#
..##########.##### #.#
......##.........# #.#
.####....###.###.# #.#
..######.# #.# #.##### #.# #..##
#.###.###@#...# #.### ##..##
#........h....# ##...#####
##..###.###.###.#...###.###.....
..##..##.###.##hg.......##
##.### 8..##.....##>#..........#
#.# .8. ###........h........##
##.#
8..##...######.###...###.###†##
..##...## #.# #...# ##...##
.##....#######.# #...# ##.##


You could see 3 jackals and a goblin.

Levels and vault maps discovered:
D:1:      minmay_arrival_four_circles, layout_loops_ring, tso_metal_star

Notes
Turn   | Place    | Note
-------+----------+-------------------------------------------
     0 | D:1      | lepoulpe303 the Demonspawn Necromancer began the quest for
                  | the Orb.
     0 | D:1      | Reached XP level 1. HP: 13/13 MP: 3/3
   223 | D:1      | Identified a +0 whip
   293 | D:1      | Found a glowing golden altar of the Shining One.
   294 | D:1      | Identified 2 scrolls of remove curse
   295 | D:1      | Identified a ring of resist corrosion (You found it on
                  | level 1 of the Dungeon)
   317 | D:1      | HP: 2/13 [jackal (3)]
   333 | D:1      | Slain by a jackal

Table legend:
 A = Turns spent in this place as a percentage of turns spent in the entire game.
 B = Non-inter-level travel turns spent in this place as a percentage of non-inter-level travel turns spent in the entire game.
 C = Inter-level travel turns spent in this place as a percentage of turns spent in this place.
 D = Turns resting spent in this place as a percentage of non-inter-level travel turns spent in this place.
 E = Turns spent auto-exploring this place as a percentage of non-inter-level travel turns spent in this place.
 F = Non-inter-level travel turns spent in this place divided by the number of levels of this place that you've seen.
                   A       B       C       D       E      F
               +-------+-------+-------+-------+-------+----------------------
         Total | 100.0 | 100.0 |   0.0 |  25.5 |  47.4 | 333.0
       Dungeon | 100.0 | 100.0 |   0.0 |  25.5 |  47.4 | 333.0
               +-------+-------+-------+-------+-------+----------------------

Table legend:
 A = Kills in this place as a percentage of kills in entire the game.
 B = Kills by you in this place as a percentage of kills by you in the entire game.
 C = Kills by friends in this place as a percentage of kills by friends in the entire game.
 D = Other kills in this place as a percentage of other kills in the entire game.
 E = Experience gained in this place as a percentage of experience gained in the entire game.
 F = Experience gained in this place divided by the number of levels of this place that you have seen.
                   A       B       C       D       E      F
               +-------+-------+-------+-------+-------+----------------------
         Total | 100.0 | 100.0 |   N/A |   N/A | 100.0 |   9.0
       Dungeon | 100.0 | 100.0 |   N/A |   N/A | 100.0 |   9.0
               +-------+-------+-------+-------+-------+----------------------

Action                   || total
-------------------------++-------
Melee: Whip              ||    10
 Cast: Pain              ||     9
  Use: Scroll            ||     1
Armor: Robe              ||     2
Dodge: Dodged            ||    13

Vanquished Creatures
  A jackal (D:1)
  3 kobolds (D:1)
  A rat (D:1)
5 creatures vanquished.
